 Dungeon Crawl Stone Soup version 0.29.0-4-gdea44cf6ec (webtiles) character file.

Game seed: 556983212519128435

98 qw the Chopper (level 4, -3/33 (36) HPs)
             Began as a Barachi Chaos Knight on Sept 6, 2022.
             Slain by a soul eater (4 damage)
             ... summoned by Xom
             ... on level 2 of the Dungeon.
             The game lasted 00:00:50 (2117 turns).

qw the Chopper (Barachi Chaos Knight)               Turns: 2117, Time: 00:00:50

HP:   -3/33 (36)    AC: 12    Str: 15    XL:     4   Next: 69%
MP:   3/3           EV:  4    Int: 12    God:
Gold: 69            SH:  0    Dex: 12    Spells: 3/3 levels left

rFire   . . .      SeeInvis .   Y - +0 hand axe (chaos)
rCold   . . .      Faith    .   (no shield)
rNeg    . . .      Spirit   .   e - +0 plate armour
rPois   .          Reflect  .   (no helmet)
rElec   .          Harm     .   (no cloak)
rCorr   .          Rampage  .   k - +0 pair of gloves
Will    .....                   (no boots)
Stlth   ..........              (no amulet)
HPRegen 0.11/turn               (no ring)
MPRegen 0.08/turn               (no ring)

@: drained, slow
A: amphibious, slowness 1, strong legs 1, +LOS, low MP 1
a: Hop


You were on level 2 of the Dungeon.
You visited 1 branch of the dungeon, and saw 2 of its levels.

You collected 69 gold pieces.


Innate Abilities, Weirdness & Mutations

You are amphibious.
You cover ground slowly.
You can hop short distances.
You have an extended range of vision and can be seen from far away.
Your magical capacity is low. (-10% MP)


   Skills:
 - Level 3.6 Fighting
 - Level 5.6 Axes
 + Level 2.9 Armour
 - Level 1.1 Dodging


You had 3 spell levels left.
You didn't know any spells.
Your spell library was empty.

Inventory:

Hand Weapons
 a - a +0 flail
 Y - a +0 hand axe of chaos (weapon)
Armour
 e - a +0 plate armour (worn)
 k - a +0 pair of gloves (worn)
Potions
 d - a potion of heal wounds
 f - a potion of curing {unknown}
 h - a potion of degeneration {unknown}
 j - a potion of attraction {unknown}
Miscellaneous
 c - a piece from Xom's chessboard (15/15)

Dungeon Overview and Level Annotations

Branches:
Dungeon (2/15)

Altars:
Fedhas
Kikubaaqudgha


Message History

You hit the iron imp but do no damage. You closely miss the shadow imp.
You miss the crimson imp. You hit the quasit but do no damage.
You feel yourself speed up.
The quasit bites you but does no damage.
The quasit claws you but does no damage.
The quasit barely misses you.
The shadow imp hits you but does no damage.
The soul eater hits you!
You feel drained.
The crimson imp hits you but does no damage.
You hit the soul eater but do no damage.
The soul eater is lightly wounded.
You hit the shadow imp but do no damage.
You barely miss the crimson imp. You miss the quasit.
You hit the ynoxinul but do no damage.
The ynoxinul flickers and vanishes!
Deactivating autopickup; reactivate with Ctrl-A.
The quasit barely misses you. x2
The quasit claws you but does no damage.
The soul eater barely misses you.
The shadow imp hits you but does no damage.
The crimson imp barely misses you. The quasit barely misses you.
The quasit claws you but does no damage. x2
You hit the soul eater but do no damage.
The soul eater is lightly wounded.
You hit something but do no damage.
You hit the shadow imp but do no damage.
You closely miss the crimson imp. You barely miss the quasit.
The crimson imp hits you but does no damage.
The shadow imp hits you but does no damage.
Something hits you. The quasit completely misses you.
The quasit claws you but does no damage. x2
The soul eater hits you.
You hit the soul eater but do no damage.
The soul eater is lightly wounded.
You hit the shadow imp.
The shadow imp is poisoned.
You hit the crimson imp.
The crimson imp is poisoned.
You hit the quasit.
The quasit resists with some effort.
You hit something.
The quasit bites you but does no damage.
The quasit claws you but does no damage. x2
The soul eater hits you!
You feel drained.
You die...

...........#.#####..
.........#..)...#..#
.........###.##.#.##
###......# #..#.#.#
#......####.#.#.##
#............>....
#555.>.###.)###.##
#{55...# ###...#..
#@55...# #}.8..##
#355...#####..8.##
#555....#}#_#...##
#..%..##...#\#}#.#
#....###.8..######
########..8.}#
#.#...## ##.###.#
### ###


You could see a soul eater (summoned), 3 iron imps, a quasit (summoned), 2
crimson imps, a white imp (summoned), 3 shadow imps and 2 ufetubi.

Vanquished Creatures
  Terence (D:2)
  2 adders (D:2)
  2 worms (D:2)
  2 dart slugs (D:2)
  5 endoplasms
  A giant cockroach (D:2)
  6 goblins
  5 hobgoblins
  3 kobolds
  3 quokkas
  4 ball pythons
  A bat (D:1)
  3 frilled lizards (D:1)
  5 rats
43 creatures vanquished.

Notes
Turn   | Place    | Note
-------+----------+-------------------------------------------
     0 | D:1      | qw the Barachi Chaos Knight began the quest for the Orb.
     0 | D:1      | Reached XP level 1. HP: 18/18 MP: 1/1
     0 | D:1      | 0 ||| qw: Version: 0.1-a-108-g9e35731
     0 | D:1      | 0 ||| qw: Game counter: 6320
     0 | D:1      | 0 ||| qw: Always use a shield: true
     0 | D:1      | 0 ||| qw: God list: Okawaru
     0 | D:1      | 0 ||| qw: Allow faded altars: false
     0 | D:1      | 0 ||| qw: Do Orc after D:15 true
     0 | D:1      | 0 ||| qw: Do second Lair branch before Depths: true
     0 | D:1      | 0 ||| qw: Lair rune preference: random
     0 | D:1      | 0 ||| qw: Plans: Normal
     0 | D:1      | 0 ||| PLANNING D:1-11
     0 | D:1      | Fell from the grace of Xom
   218 | D:1      | XOM: noise
   281 | D:1      | 281 ||| Stepping ~*~*~tactically~*~*~ (stealth).
   380 | D:1      | Reached XP level 2. HP: 24/24 MP: 2/2
   540 | D:1      | Reached skill level 4 in Axes
   868 | D:1      | 868 ||| UPGRADING to +0 ring mail.
   878 | D:1      | 878 ||| DROPPING +2 leather armour.
   879 | D:1      | 879 ||| UPGRADING to +0 pair of gloves.
   884 | D:1      | 884 ||| READING scroll labelled FOQ TAOMI PIL.
   909 | D:2      | 909 ||| STAIRDANCE
   916 | D:1      | XOM: give mutation
   916 | D:1      | Gained mutation: Your magical capacity is low. (-10% MP)
                  | [Xom's mischief]
   944 | D:2      | 944 ||| STAIRDANCE
   949 | D:2      | 949 ||| STAIRDANCE
   972 | D:2      | Noticed Terence
   979 | D:2      | Killed Terence
   980 | D:2      | Reached skill level 5 in Axes
   980 | D:2      | Reached XP level 3. HP: 12/29 MP: 2/2
  1030 | D:2      | 1030 ||| Stepping ~*~*~tactically~*~*~ (stealth).
  1163 | D:2      | 1163 ||| DROPPING +0 club.
  1184 | D:2      | 1184 ||| Stepping ~*~*~tactically~*~*~ (stealth).
  1189 | D:2      | 1189 ||| Stepping ~*~*~tactically~*~*~ (stealth).
  1257 | D:2      | 1257 ||| Stepping ~*~*~tactically~*~*~ (stealth).
  1258 | D:2      | 1258 ||| Stepping ~*~*~tactically~*~*~ (stealth).
  1304 | D:2      | Found an ancient bone altar of Kikubaaqudgha.
  1320 | D:2      | Reached XP level 4. HP: 36/36 MP: 3/3
  1475 | D:2      | 1475 ||| Stepping ~*~*~tactically~*~*~ (stealth).
  1492 | D:2      | 1492 ||| FLEEEEING.
  1493 | D:2      | 1493 ||| FLEEEEING.
  1494 | D:2      | 1494 ||| FLEEEEING.
  1495 | D:2      | 1495 ||| STAIRDANCE
  1700 | D:1      | 1700 ||| UPGRADING to +1 chain mail of cold resistance.
  1710 | D:1      | 1710 ||| UPGRADING to +0 plate armour.
  1720 | D:1      | 1720 ||| DROPPING +1 chain mail of cold resistance.
  1721 | D:1      | 1721 ||| DROPPING +0 ring mail.
  1728 | D:2      | Found a blossoming altar of Fedhas.
  1775 | D:2      | Found a faded altar of an unknown god.
  1975 | D:2      | XOM: noise
  1990 | D:2      | 1990 ||| Stepping ~*~*~tactically~*~*~ (stealth).
  2019 | D:2      | 2019 ||| Stepping ~*~*~tactically~*~*~ (stealth).
  2021 | D:2      | 2021 ||| Stepping ~*~*~tactically~*~*~ (stealth).
  2031 | D:2      | 2031 ||| Stepping ~*~*~tactically~*~*~ (stealth).
  2112 | D:2      | XOM: summons 14 hostile demons
  2113 | D:2      | Noticed a ynoxinul
  2113 | D:2      | Noticed a soul eater
  2117 | D:2      | HP: 1/35 [soul eater[Xom] (8)]
  2117 | D:2      | Slain by a soul eater

Levels and vault maps discovered:
D:1:      spicycebolla_green_bress_n_ham_2, layout_loops_ring,
          minmay_misc_feat_cross
D:2:      layout_rooms, basic_altar, shapermc_ecumenical_altar_venn,
          minmay_hexomino_r4, uniq_terence, uniq_crazy_yiuf_cottage

Skill      XL: |  1  2 |
---------------+-------+-----
Axes           | 5 |  5.6
Fighting       | |  3.6
Armour         | |  2.9
Dodging        | |  1.1

Action                   |  1- 3 |  4- 6 || total
-------------------------+-------+-------++-------
Melee: Hand axe          |    79 |    68 ||   147
Invok: Renounce Religion |     1 |       ||     1
  Use: Scroll            |     1 |       ||     1
Armor: Leather armour    |     5 |       ||     5
       Ring mail         |    13 |    12 ||    25
       Plate armour      |       |    28 ||    28
Dodge: Dodged            |    39 |    23 ||    62

Table legend:
 A = Non-vault XP
 B = Vault XP
 C = Vault XP percentage of total XP
 D = Non-vault monster count
 E = Vault monster count
 F = Vault count percentage of total count
                 A         B        C        D         E       F
            +---------+---------+-------+---------+---------+-------
      Total |      95 |      45 |  32.1 |      37 |       6 |  14.0
            +---------+---------+-------+---------+---------+-------
        D:1 |      26 |       0 |   0.0 |      16 |       0 |   0.0
        D:2 |      69 |      45 |  39.5 |      21 |       6 |  22.2
            +---------+---------+-------+---------+---------+-------
